 Dungeon Sprint DCSS version 0.29-a0-284-gf9362112df (webtiles) character file.

Game seed: 16670075152417362658

2234 mhtbhm the Spear-Bearer (level 9, -3/93 HPs)
             Began as a Minotaur Berserker on Mar 27, 2022.
             Was a High Priest of Trog.
             Killed from afar by an oklob plant (38 damage)
             ... with a splash of acid
             ... in the Dungeon (Sprint IV: "Fedhas' Mad Dash").
             The game lasted 00:02:05 (1570 turns).

mhtbhm the Spear-Bearer (Minotaur Berserker)        Turns: 1570, Time: 00:02:07

Health: -3/93      AC:  9    Str: 26    XL:     9   Next: 14%
Magic:  8/8        EV: 11    Int:  4    God:    Trog [*****.]
Gold:   114        SH:  0    Dex: 10    Spells: 8/8 levels left

rFire   . . .      SeeInvis .   a - +0 spear
rCold   + . .      Faith    .   (no shield)
rNeg    . . .      Spirit   .   b - +2 chain mail {rC+}
rPois   .          Reflect  .   (helmet restricted)
rElec   .          Harm     .   (no cloak)
rCorr   .          Rampage  .   (no gloves)
Will    .....      NoTele   +   (no boots)
Stlth   ..........              k - amulet of invisibility {+Inv}
HPRegen 0.25/turn               (no ring)
MPRegen 0.11/turn               (no ring)

@: corroded, very slightly contaminated
A: horns 2, retaliatory headbutt
a: Renounce Religion, Evoke Invisibility, Berserk, Trog's Hand, Brothers in Arms


You were in the Dungeon.
You worshipped Trog.
Trog was extremely pleased with you.
You visited 1 branch You collected 114 gold pieces.

Inventory:

Hand Weapons
 a - a +0 spear (weapon)
Armour
 b - a +2 chain mail of cold resistance (worn)
Jewellery
 i - an amulet of regeneration
 k - the amulet of invisibility (around neck) {+Inv}
   (You found it in the Dungeon)

   [amulet of nothing]

   +Inv:      It lets you turn invisible.
Wands
 l - a wand of polymorph (10)
 m - a wand of flame (17)
Scrolls
 h - a scroll of blinking
 j - a scroll of amnesia {unknown}
Potions
 d - a potion of heal wounds
 e - a potion of haste
 f - 2 potions of magic
 g - a potion of berserk rage


   Skills:
 + Level 13.2 Fighting
 + Level 14.6 Polearms
 + Level 8.2 Armour
 + Level 7.8 Dodging
 + Level 6.5 Stealth
 + Level 5.3 Evocations


You had 8 spell levels left.
You didn't know any spells.
Your spell library was empty.

Dungeon Overview and Level Annotations

Branches:
Dungeon (1/1)

Altars:
Cheibriados
Dithmenos
Elyvilon
Gozag
Hepliaklqana
Kikubaaqudgha
Makhleb
Nemelex Xobeh
Okawaru
Qazlal
Ru
Sif Muna
Trog
Uskayaw
Vehumet
Wu Jian
Xom
Yredelemnul
Zin
The Shining One
Beogh
Jiyva
Lugonu

Shops:
D [!([

Annotations:
D exclusions: oklob plant and oklob sapling


Innate Abilities, Weirdness & Mutations

You have a pair of horns on your head.
You reflexively headbutt those who attack you in melee.


Message History

You are too confused!
You are too confused!
You are too confused!
You bump into the stone wall.
The wandering mushroom releases spores at you!
You are engulfed in a cloud of spores!
You are more confused.
You bump into the stone wall.
The wandering mushroom releases spores at you!
You are engulfed in a cloud of spores!
You bump into the stone wall.
The wandering mushroom barely misses you.
The wandering mushroom releases spores at you but does no damage.
You bump into the stone wall.
You flicker for a moment.
The wandering mushroom closely misses you.
There is an open door here.
There is an open door here.
You bump into the stone wall.
The wandering mushroom releases spores at you but does no damage.
You bump into the stone wall.
The wandering mushroom releases spores at you!
You are engulfed in a cloud of spores!
You flicker back into view.
The wandering mushroom releases spores at you.
You are engulfed in a cloud of spores!
You are more confused.
The wandering mushroom releases spores at you but does no damage.
There is an open door here.
The wandering mushroom releases spores at you but does no damage.
The oklob sapling spits acid at you. The splash of acid hits you!
The acid corrodes you!
Unknown command.
You feel better. The oklob sapling spits acid at you.
The splash of acid hits you!
The wandering mushroom barely misses you.
The oklob plant spits acid at you. The splash of acid hits you!!!
You die...

#<..P#.....#.....#.⌠._.
#PP..'÷....'.#)..'.._._
#PPPP#.....#.#...#..._.
###############'##.._._
#...♣........'...#._._.
#......♣.....#...######
#.....♣..♣..######
##'####f######P)+
#..#..@.'.......#
#.(#.|###....P..#
####### #########


You could see an oklob plant and a wandering mushroom.

Vanquished Creatures
  An oklob plant (D)
  3 burning bushes (D)
  2 wandering mushrooms (D)
  A queen bee (D)
  3 scorpions (D)
  4 killer bees (D)
  4 oklob saplings (D)
  2 spriggans (D)
  A river rat (D)
  A rat (D)
22 creatures vanquished.

Notes
Turn   | Place    | Note
-------+----------+-------------------------------------------
     0 | D        | mhtbhm the Minotaur Berserker began the quest for the Orb.
     0 | D        | Reached XP level 1. HP: 19/19 MP: 0/0
    11 | D        | Reached skill level 4 in Polearms
    11 | D        | Reached XP level 2. HP: 20/28 MP: 1/1
   101 | D        | Noticed an oklob sapling
   107 | D        | Killed an oklob sapling
   107 | D        | Reached ** piety under Trog
   108 | D        | Reached skill level 5 in Fighting
   108 | D        | Reached skill level 6 in Polearms
   108 | D        | Reached XP level 3. HP: 37/37 MP: 2/2
   335 | D        | Noticed a scorpion
   335 | D        | Found the amulet of invisibility {+Inv}
   339 | D        | Killed a scorpion
   340 | D        | Reached skill level 7 in Polearms
   340 | D        | Reached XP level 4. HP: 47/47 MP: 3/3
   390 | D        | Found an opulent altar of Gozag.
   390 | D        | Found a hazy altar of Hepliaklqana.
   390 | D        | Found a burning altar of Makhleb.
   390 | D        | Found a sparkling altar of Nemelex Xobeh.
   390 | D        | Found a snail-covered altar of Cheibriados.
   390 | D        | Found a sacrificial altar of Ru.
   390 | D        | Found a shimmering blue altar of Sif Muna.
   390 | D        | Found a shimmering altar of Xom.
   390 | D        | Found a basalt altar of Yredelemnul.
   391 | D        | Found a viscous altar of Jiyva.
   391 | D        | Found a bloodstained altar of Trog.
   391 | D        | Found an ornate altar of the Wu Jian Council.
   392 | D        | Found an iron altar of Okawaru.
   392 | D        | Found a shadowy altar of Dithmenos.
   392 | D        | Found a glowing silver altar of Zin.
   393 | D        | Found an ancient bone altar of Kikubaaqudgha.
   393 | D        | Found a hide-covered altar of Uskayaw.
   394 | D        | Found a stormy altar of Qazlal.
   394 | D        | Found a white marble altar of Elyvilon.
   394 | D        | Found a glowing golden altar of the Shining One.
   395 | D        | Found a corrupted altar of Lugonu.
   395 | D        | Found a radiant altar of Vehumet.
   405 | D        | Reached skill level 8 in Polearms
   405 | D        | Reached XP level 5. HP: 53/53 MP: 1/4
   453 | D        | Reached skill level 9 in Polearms
   453 | D        | Reached skill level 1 in Evocations
   507 | D        | Reached skill level 1 in Stealth
   507 | D        | Reached *** piety under Trog
   508 | D        | Reached skill level 5 in Dodging
   510 | D        | Reached skill level 10 in Polearms
   510 | D        | Reached skill level 5 in Armour
   510 | D        | Reached XP level 6. HP: 64/64 MP: 5/5
   540 | D        | Found Ocza's Distillery.
   540 | D        | Found Qali's Armour Emporium.
   581 | D        | Noticed a burning bush
   581 | D        | Noticed a wandering mushroom
   583 | D        | Noticed a wandering mushroom
   618 | D        | Killed a wandering mushroom
   619 | D        | Reached skill level 10 in Fighting
   619 | D        | Reached skill level 11 in Polearms
   619 | D        | Reached XP level 7. HP: 44/73 MP: 6/6
   665 | D        | Killed a wandering mushroom
   665 | D        | Reached **** piety under Trog
   666 | D        | Reached skill level 12 in Polearms
   775 | D        | Killed a burning bush
   776 | D        | Reached skill level 13 in Polearms
   776 | D        | Reached XP level 8. HP: 83/83 MP: 7/7
   780 | D        | Found Qeatyf's Armour Emporium.
   780 | D        | Found Etutzesk's Antique Weapon Shoppe.
  1255 | D        | Noticed a queen bee
  1270 | D        | Reached ***** piety under Trog
  1274 | D        | Killed a queen bee
  1319 | D        | Noticed an oklob plant
  1388 | D        | Killed an oklob plant
  1389 | D        | Reached skill level 14 in Polearms
  1389 | D        | Reached skill level 5 in Stealth
  1519 | D        | Noticed a burning bush
  1530 | D        | Killed a burning bush
  1531 | D        | Reached skill level 5 in Evocations
  1531 | D        | Reached XP level 9. HP: 93/93 MP: 8/8
  1541 | D        | Noticed a burning bush
  1541 | D        | Noticed an oklob plant
  1542 | D        | Noticed a wandering mushroom
  1549 | D        | Killed a burning bush
  1570 | D        | Killed from afar by an oklob plant

Illustrated notes

Levels and vault maps discovered:
D:        dungeon_sprint_fedhas [sprint_temple]

Skill      XL: |  1  2  3  4  5  6  7  8 |
---------------+-------------------------+-----
Fighting       | 4 5 7 8 9 10 12 13 | 13.2
Polearms       | 4 6 7 8 10 11 13 14 | 14.6
Armour         | 3 4 5 6 8 |  8.2
Dodging        | 3 4 5 6 7 |  7.8
Evocations     | 1 2 3 5 |  5.3
Stealth        | 1 2 6 |  6.5

Action                   |  1- 3 |  4- 6 |  7- 9 || total
-------------------------+-------+-------+-------++-------
Melee: Spear             |    15 |    55 |    93 ||   163
       Headbutt          |     1 |     7 |    10 ||    18
       Punch             |       |       |     1 ||     1
Invok: Berserk           |     2 |     3 |     3 ||     8
 Abil: Evoke Invisibilit |       |     2 |     3 ||     5
  Use: Potion            |       |       |     1 ||     1
 Stab: Sleeping          |       |     1 |       ||     1
       Invisible         |       |       |    13 ||    13
Armor: Animal skin       |     2 |       |       ||     2
       Ring mail         |       |     2 |       ||     2
       Chain mail        |       |       |     6 ||     6
Dodge: Dodged            |     4 |     9 |     9 ||    22

Table legend: (Time is in decaauts)
 A = Elapsed time spent in this place.
 B = Non-inter-level travel time spent in this place.
 C = Inter-level travel time spent in this place.
 D = Time resting spent in this place.
 E = Time spent auto-exploring this place.
 F = Levels seen in this place.
 G = Mean time per level.
                   A        B        C        D        E       F      G
               +--------+--------+--------+--------+--------+-----+--------+
         Total |   1568 |   1568 |      0 |   1206 |      3 |   1 | 1568.0 |
       Dungeon |   1568 |   1568 |      0 |   1206 |      3 |   1 | 1568.0 |
               +--------+--------+--------+--------+--------+-----+--------+

Top non-repeatable levels by time:
       D: 1568 daAuts
